[Event "*** Titled Tuesday Blitz"]
[Site "Chess.com"]
[Date "2021.04.27"]
[Round "3"]
[White "pavelalexandru07"]
[Black "Harry_Rakkel"]
[Result "0-1"]
[WhiteElo "2351"]
[BlackElo "2582"]
[TimeControl "180+1"]
[EndTime "10:30:35 PDT"]
[Termination "Harry_Rakkel won by resignation"]

1. e4 c5 2. Nf3 e6 3. d4 cxd4 4.
Nxd4 a6 5. c4 Nf6 6. Nc3 d6 7.
Be3 Be7 8. Be2 O-O 9. O-O b6 10. Qd2 Bb7 11. f3 Nbd7 12. a4 Qc7 13. a5 bxa5 14. Nb3 Rab8 15. Nxa5 Ba8 16. Rfc1 Rfc8 17. b4 Ne5 18. c5 Rxb4 19. Nb5 Qd8 20. Qxb4 axb5 21.
cxd6 Rxc1+ 22. Rxc1 Bxd6 23. Qxb5 h5 24. Nb7 Bxb7 25.
Qxb7 Kh7 26. Rd1 Qa5 27. Qb6 Qa2 28. Rd2 Qa1+ 29. Rd1 Qa2 30. Qxd6 Qxe2 31. Qd2 Qb5 32. Bd4 Ng6 33. Bxf6 gxf6 34. Qc3 Kg7 35. Qd2 h4 36. Qf2 Qg5 37. Kh1 Nf4 38. Qd2 e5 39. Rg1 Qh5 40. Qf2 Kh7 41. Qe3 Kh8 42. Qb6 Kg7 43.
Qe3 Ng6 44. Qf2 Qh8 45. Rd1 Qh5 46. Kg1 Qg5 47. Kf1 Nf4 48. g3 Ng6 49. Rd2 h3 50. Ke2 Qh6 51. Kf1 Qh8 52. Ke2 Qa8 53. Kf1 Qa1+ 54.
Qe1 Qa6+ 55. Qe2 Qb6 56. Rd3 Qb1+ 57. Qd1 Qb6 58. Ke2 Qc5 59. Kd2 Qf2+ 60. Qe2 Qc5 61. Kd1 Qg1+ 62. Kc2 Qh1 63. Rd2 Qa1 64. Kd3 Qb1+ 65.
Kc3 Ne7 66. Qc4 Ng6 67. Rc2 Qe1+ 68. Kb3 Qg1 69. Qc6 Qb1+ 70. Kc3 Qe1+ 71. Kb3 Qb1+ 72.
Kc3 Qa1+ 73. Kd3 Qf1+ 74. Kd2 Qxf3 75. Qd5 Qg2+ 76. Kc3 Qg1 77. Kb2 Qb6+ 78. Kc1 Qe3+ 79. Kb2 Ne7 80. Qb7 Qd4+ 81. Kb1 Ng6 82. Qd5 Qb4+ 83.
Kc1 Qe1+ 84. Kb2 Ne7 85. Qb7 Ng6 86. Qd5 Qg1 87. Rc7 Qb6+ 88. Ka1 Qxc7 89. Ka2 Qa7+ 90.
Kb3 Qe3+ 91. Ka4 Qf2 92. Kb5 Qxh2 0-1

[Event "*** Titled Tuesday Blitz"]
[Site "Chess.com"]
[Date "2021.04.27"]
[Round "3"]
[White "TokChess"]
[Black "klimkoj"]
[Result "1/2-1/2"]
[WhiteElo "2408"]
[BlackElo "2605"]
[TimeControl "180+1"]
[EndTime "10:30:39 PDT"]
[Termination "Game drawn - insufficient material"]

1. e4 c5 2. b3 Nc6 3. Bb2 e5 4. Nf3 d6 5. Nc3 Nf6 6. Bc4 Be7 7. h3 O-O 8. a4 Nd4 9. Nd5 Nxe4 10. O-O Nf6 11.
Nxe7+ Qxe7 12. Re1 Qc7 13. c3 Nxf3+ 14. Qxf3 Be6 15. a5 d5 16. Bf1 e4 17. Qe3 Rfd8 18. d4 cxd4 19. Qxd4 Qf4 20. Ra4 Qg5 21. Kh1 a6 22. Rb4 Rd7 23. Rb6 Rad8 24. Bc1 Qh5 25.
Bf4 Qg6 26. Bh2 Ne8 27. Qe5 Nd6 28. Qd4 Nc8 29. Rb4 Ne7 30. Rb6 Nc6 31. Qc5 Ne7 32. Qb4 d4 33. cxd4 Nd5 34. Qc5 Nxb6 35. Qxb6 Qf6 36.
Kg1 Bd5 37. Be5 Qxb6 38. axb6 Rc8 39. Bc7 Bxb3 40. Rxe4 Bd5 41. Re5 Be6 42. Re4 h6 43. g4 g6 44. Kh2 Kh7 45. Kg3 Ra8 46. Kf4 a5 47. Bb5 Rd5 48. Ba4 Bd7 49. Bb3 g5+ 50. Ke3 Be6 51. Bxd5 Bxd5 52. Re5 Bb3 53. d5 a4 54. Rf5 a3 55. Rxf7+ Kg8 56. Rd7 a2 57.
Be5 a1=Q 58. Rg7+ Kf8 59. Bxa1 Rxa1 60. Rxb7 Bxd5 61. Rd7 Bc6 62. Rc7 Bd5 63. b7 Bxb7 64. Rxb7 Ra3+ 65. Ke2 Rxh3 66. Rh7 Rh4 67. f3 Kg8 68. Rd7 Rh2+ 69. Ke3 Ra2 70. Rd6 Kg7 71. Rd7+ Kg6 72. Rd6+ Kg7 73. Rd7+ Kf8 74. Rd8+ Ke7 75. Rh8 Ra6 76. Kf2 Rf6 77. Rh7+ Kf8 78. Kg3 Rd6 79. Rc7 Ke8 80. Rb7 Rd7 81. Rb6 Rh7 82. Ra6 Kf8 83. f4 gxf4+ 84. Kxf4 Rf7+ 85. Kg3 Kg7 86. Kh4 Rf1 87. Ra7+ Kg6 88. Ra6+ Rf6 89. Rxf6+ Kxf6 90. Kh5 Kg7 91. g5 hxg5 92. Kxg5 1/2-1/2

[Event "*** Titled Tuesday Blitz"]
[Site "Chess.com"]
[Date "2021.04.27"]
[Round "3"]
[White "Zallio"]
[Black "Loy_Konstantin"]
[Result "0-1"]
[WhiteElo "2068"]
[BlackElo "2392"]
[TimeControl "180+1"]
[EndTime "10:31:48 PDT"]
[Termination "Loy_Konstantin won by checkmate"]

1. d4 Nf6 2. Nf3 c5 3. e3 g6 4. b3 Bg7 5. Bb2 cxd4 6. exd4 O-O 7. c4 d5 8. Nbd2 Nc6 9. Be2 Bf5 10. O-O Ne4 11. Ne5 Nxe5 12. Nxe4 Nxc4 13. bxc4 Bxe4 14. c5 Qc7 15. Rc1 Rad8 16. Qb3 e5 17. dxe5 Bxe5 18. Bxe5 Qxe5 19. Qxb7 Bxg2 20. Kxg2 Qxe2 21. c6 Qg4+ 22. Kh1 Qf3+ 23. Kg1 Rde8 24. Qb3 Qxb3 25. axb3 Rc8 26.
c7 Rfe8 27. Rcd1 Rxc7 28. Rxd5 Rb8 29. Rd3 Rcb7 30. Ra1 Rxb3 31. Rxb3 Rxb3 32. Rxa7 Kg7 33. Kg2 g5 34. Rc7 Kg6 35. h3 h5 36. Rc8 f6 37.
Rg8+ Kf5 38. Rh8 Kg6 39. Rg8+ Kh7 40. Rf8 Rb6 41. Rf7+ Kg6 42. Rf8 g4 43. Rh8 Rb3 44. hxg4 hxg4 45. Rg8+ Kf5 46. Rc8 Kg5 47. Rg8+ Kf4 48.
Rc8 Rb4 49. Rg8 f5 50. Rg7 Rb2 51. Rg8 Ra2 52. Rg7 Ke4 53. Re7+ Kf4 54. Rg7 Ra3 55.
Rg8 Ke5 56. Re8+ Kf6 57. Rf8+ Kg6 58. Rg8+ Kh6 59. Rh8+ Kg7 60. Rh4 Ra4 61. Rh5 Kg6 62. Rh8 f4 63. Rg8+ Kf5 64. Rf8+ Ke5 65. Re8+ Kf6 66. Rf8+ Kg7 67. Rf5 Kg6 68. Rf8 Kg7 69.
Rf5 Kh6 70. Re5 Kg6 71. Re6+ Kf5 72. Re8 Ra2 73. Rf8+ Ke5 74. Re8+ Kd6 75. Rg8 g3 76. Rd8+ Ke7 77. Rd1 Rxf2+ 78. Kg1 Kf6 79. Rd5 Kg6 80.
Re5 f3 81. Re3 Kg5 82. Rb3 Kg4 83. Rb8 Ra2 84. Rg8+ Kf4 85. Rf8+ Ke4 86. Re8+ Kd5 87. Rd8+ Ke6 88. Rd1 Kf5 89. Rd5+ Ke4 90. Rd1 Rg2+ 91. Kf1 Re2 92. Kg1 Ke3 93. Rb1 Rd2 94. Rb3+ Ke2 95.
Rb1 Rd1+ 96. Rxd1 Kxd1 97. Kf1 Kd2 98. Kg1 Kd3 99. Kf1 Ke3 100. Kg1 Kf4 101. Kh1 Kg4 102. Kg1 Kh3 103. Kh1 Kh4 104. Kg1 Kg4 105. Kh1 Kf5 106. Kg1 Ke4 107. Kh1 Ke3 108. Kg1 Ke2 109. Kh1 f2 110. Kg2 f1=Q+ 111. Kxg3 Qf3+ 112. Kh4 Ke3 113. Kg5 Qf4+ 114. Kh5 Ke4 115. Kg6 Qf5+ 116. Kh6 Qg4 117. Kh7 Ke5 118. Kh6 Kf6 119. Kh7 Qg6+ 120. Kh8 Qg7# 0-1

[Event "*** Titled Tuesday Blitz"]
[Site "Chess.com"]
[Date "2021.04.27"]
[Round "4"]
[White "Nuvas"]
[Black "atwalcb"]
[Result "1-0"]
[WhiteElo "2636"]
[BlackElo "2452"]
[TimeControl "180+1"]
[EndTime "10:33:19 PDT"]
[Termination "Nuvas won by resignation"]

1. d4 Nf6 2. c4 e6 3. Nc3 Bb4 4.
g3 d5 5. Bg2 dxc4 6. Qa4+ Nc6 7. Bxc6+ bxc6 8. Qxb4 Qxd4 9. Nf3 c5 10. Qb5+ Qd7 11. Qxc5 Bb7 1-0

[Event "*** Titled Tuesday Blitz"]
[Site "Chess.com"]
[Date "2021.04.27"]
[Round "4"]
[White "chessmachine14"]
[Black "Rodchenkov_Vitalij"]
[Result "1-0"]
[WhiteElo "2266"]
[BlackElo "2047"]
[TimeControl "180+1"]
[EndTime "10:34:13 PDT"]
[Termination "chessmachine14 won by checkmate"]

1. d4 Nf6 2. Nc3 e6 3. e4 Bb4 4.
Bd3 Bxc3+ 5. bxc3 d5 6. e5 Nfd7 7. Qg4 Kf8 8. h4 h5 9. Qf4 c5 10. Nf3 Nc6 11. Ng5 Qe7 12. Rh3 cxd4 13. Ba3 Nc5 14.
Bxc5 Qxc5 15. Qxf7# 1-0

[Event "*** Titled Tuesday Blitz"]
[Site "Chess.com"]
[Date "2021.04.27"]
[Round "4"]
[White "Chessmasterzt"]
[Black "volkanyirik"]
[Result "1-0"]
[WhiteElo "2607"]
[BlackElo "2415"]
[TimeControl "180+1"]
[EndTime "10:34:30 PDT"]
[Termination "Chessmasterzt won by resignation"]

1. d4 Nf6 2. c4 c5 3. Nf3 cxd4 4. Nxd4 e5 5. Nb5 d5 6. cxd5 Bc5 7. N5c3 e4 8. Nxe4 O-O 9. Nxc5 Qa5+ 10. Nc3 Qxc5 11. Be3 Qb4 12. Qb3 Qa5 13. Bd4 Nbd7 14. g3 Nc5 15.
Qb5 Qxb5 16. Nxb5 Nce4 17. f3 1-0

[Event "*** Titled Tuesday Blitz"]
[Site "Chess.com"]
[Date "2021.04.27"]
[Round "4"]
[White "Msb2"]
[Black "Gerodot71"]
[Result "1-0"]
[WhiteElo "2886"]
[BlackElo "2568"]
[TimeControl "180+1"]
[EndTime "10:34:51 PDT"]
[Termination "Msb2 won by resignation"]

1. d4 Nf6 2. c4 e6 3. Nc3 Bb4 4.
e3 d5 5. Bd2 O-O 6. Nf3 b6 7.
cxd5 exd5 8. Bd3 Bb7 9. O-O a6 10. Rc1 Nbd7 11. Ne5 Re8 12. f4 Bf8 13. Qf3 c5 14.
Qh3 Bc8 15. Nxd5 Re6 16. Nxd7 1-0

[Event "*** Titled Tuesday Blitz"]
[Site "Chess.com"]
[Date "2021.04.27"]
[Round "4"]
[White "Omk124"]
[Black "Rsnr"]
[Result "0-1"]
[WhiteElo "2554"]
[BlackElo "2769"]
[TimeControl "180+1"]
[EndTime "10:34:56 PDT"]
[Termination "Rsnr won by checkmate"]

1. e4 c6 2. c4 d5 3. exd5 cxd5 4. cxd5 Qxd5 5. Nc3 Qd8 6. Nf3 Nf6 7. d4 g6 8.
Bc4 e6 9. Bg5 Bg7 10. O-O O-O 11. Ne4 Nbd7 12. Ne5 Qa5 13. Bxf6 Nxf6 14. Nxf6+ Bxf6 15. Qf3 Bxe5 16. dxe5 Qxe5 17. b3 Rb8 18. Rfe1 Qg7 19.
Qf4 Bd7 20. Qe3 a6 21. Qb6 Rfc8 22. Rad1 Bc6 23. h3 Qf6 24. a4 Qg5 25. Rd3 Qxg2# 0-1

[Event "*** Titled Tuesday Blitz"]
[Site "Chess.com"]
[Date "2021.04.27"]
[Round "4"]
[White "TeukkaSalama"]
[Black "shreyansshah123"]
[Result "1-0"]
[WhiteElo "2363"]
[BlackElo "1694"]
[TimeControl "180+1"]
[EndTime "10:34:58 PDT"]
[Termination "TeukkaSalama won by resignation"]

1. d4 Nf6 2. Bf4 g6 3. e3 Bg7 4. Nf3 d6 5. h3 Nbd7 6. Be2 O-O 7. O-O e5 8. dxe5 dxe5 9. Nxe5 Nxe5 10. Bxe5 Be6 11.
c3 c6 12. Nd2 Ne8 13. Bxg7 Nxg7 14. Qc2 Bf5 15. e4 Be6 16. Rad1 Qb6 17. Bc4 Rfd8 18.
Bxe6 Nxe6 19. Nc4 Qc5 20. Ne3 Qa5 21. b3 Qb6 22. Rxd8+ Rxd8 23. Rd1 Rxd1+ 24. Qxd1 Qd8 25. Qxd8+ Nxd8 26. Kf1 Kf8 27. Ke2 Ke7 28. Kd3 Ke6 29.
Kd4 b5 30. c4 a6 31. Kc5 Kd7 32. Kb6 bxc4 33. Nxc4 f5 34. e5 1-0

[Event "*** Titled Tuesday Blitz"]
[Site "Chess.com"]
[Date "2021.04.27"]
[Round "4"]
[White "Andrii_Prydun"]
[Black "Stormeman100100"]
[Result "0-1"]
[WhiteElo "2337"]
[BlackElo "2486"]
[TimeControl "180+1"]
[EndTime "10:35:08 PDT"]
[Termination "Stormeman100100 won by checkmate"]

1. d4 Nf6 2. Nc3 g6 3. Bf4 d5 4.
e3 Bg7 5. h4 h5 6. Nf3 Bg4 7.
Be2 O-O 8. Ne5 Bxe2 9. Qxe2 c5 10. O-O-O cxd4 11. exd4 Nc6 12. g4 Nxe5 13. dxe5 Nxg4 14.
f3 Nh6 15. Nxd5 Nf5 16. Bg5 Qa5 17. Kb1 Ng3 18. Nxe7+ Kh7 19. Qc4 Nxh1 20. Rxh1 Qxe5 21. f4 Qxb2# 0-1

[Event "*** Titled Tuesday Blitz"]
[Site "Chess.com"]
[Date "2021.04.27"]
[Round "4"]
[White "Michaelson_11"]
[Black "Apocalyps999"]
[Result "0-1"]
[WhiteElo "2244"]
[BlackElo "2447"]
[TimeControl "180+1"]
[EndTime "10:35:08 PDT"]
[Termination "Apocalyps999 won by resignation"]

1. e4 c5 2. Nf3 e6 3. d4 cxd4 4.
Nxd4 Nf6 5. Nc3 Nc6 6. Ndb5 Bc5 7. Bf4 O-O 8. Bc7 Qe7 9. Bd6 Bxd6 10. Qxd6 Qd8 11. Nc7 Rb8 12. e5 Ng4 13. f4 Ne3 14.
Kd2 Nf5 0-1

[Event "*** Titled Tuesday Blitz"]
[Site "Chess.com"]
[Date "2021.04.27"]
[Round "4"]
[White "LenkaPtacnikova"]
[Black "scandalgod"]
[Result "0-1"]
[WhiteElo "2189"]
[BlackElo "2591"]
[TimeControl "180+1"]
[EndTime "10:35:14 PDT"]
[Termination "scandalgod won by resignation"]

1. c4 e5 2. g3 Nc6 3. Bg2 Bc5 4. Nc3 a6 5. e3 d6 6. Nge2 Ba7 7. O-O h5 8. d4 h4 9. Bxc6+ bxc6 10. dxe5 hxg3 11.
fxg3 Bh3 12. Rf2 dxe5 13. Qc2 Nf6 14. b4 Ng4 15. c5 Nxf2 16. Kxf2 Qf6+ 0-1

[Event "*** Titled Tuesday Blitz"]
[Site "Chess.com"]
[Date "2021.04.27"]
[Round "4"]
[White "KIEV-1"]
[Black "InitiatingASC"]
[Result "1-0"]
[WhiteElo "2226"]
[BlackElo "2406"]
[TimeControl "180+1"]
[EndTime "10:35:46 PDT"]
[Termination "KIEV-1 won by resignation"]

1. e4 c5 2. Nf3 Nc6 3. d4 cxd4 4. Nxd4 Nf6 5. Nxc6 bxc6 6. Bd3 e5 7. c4 d6 8. O-O Be7 9. h3 O-O 10. Nc3 Be6 11.
Be3 Nd7 12. b4 Nb6 13. Qe2 d5 14. exd5 cxd5 15. Bxb6 axb6 16. cxd5 Bxd5 17. Nxd5 Qxd5 18. Be4 Qd4 19. Bxa8 Rxa8 20. a3 Bxb4 21. Rad1 Qc3 22.
axb4 Qxb4 23. Qxe5 h5 24. Qxh5 Ra5 25. Rd8+ 1-0

[Event "*** Titled Tuesday Blitz"]
[Site "Chess.com"]
[Date "2021.04.27"]
[Round "4"]
[White "2346PL"]
[Black "WildBizon"]
[Result "0-1"]
[WhiteElo "2442"]
[BlackElo "2634"]
[TimeControl "180+1"]
[EndTime "10:35:54 PDT"]
[Termination "WildBizon won by resignation"]

1. d4 Nf6 2. Nc3 e6 3. Bg5 d5 4. e3 Nbd7 5. Nf3 h6 6. Bh4 c5 7. Be2 Be7 8. O-O O-O 9. h3 b6 10. Bg3 Bb7 11. Nb5 Ne4 12. Bh2 a6 13. Nc3 Nxc3 14.
bxc3 c4 15. Ne5 Nf6 16. Bf3 b5 17. g4 Bd6 18. Bg2 Ne4 19. Qe1 Qa5 20. Bxe4 dxe4 21. Kg2 Qc7 22. Rh1 Kh7 23. h4 f6 24. f4 exf3+ 25.
Nxf3 Bxh2 26. Rxh2 Bxf3+ 27. Kh3 e5 28. Qg3 Be4 29. g5 Qd7+ 0-1

[Event "*** Titled Tuesday Blitz"]
[Site "Chess.com"]
[Date "2021.04.27"]
[Round "4"]
[White "mbojan"]
[Black "grunbergmihai"]
[Result "1-0"]
[WhiteElo "2649"]
[BlackElo "2423"]
[TimeControl "180+1"]
[EndTime "10:35:56 PDT"]
[Termination "mbojan won by resignation"]

1. g3 d5 2. Bg2 c6 3. d3 Nf6 4. Nd2 e5 5. e4 dxe4 6. dxe4 Nbd7 7. Nh3 Nc5 8. f3 Be7 9. O-O O-O 10. Nf2 a5 11. a4 Qc7 12. Re1 Be6 13. Qe2 Rfd8 14. Nf1 Nfd7 15. Bh3 Nb6 16. Bxe6 Nxe6 17. Be3 Nd4 18.
Bxd4 Rxd4 19. b3 Rad8 20. Kg2 Bb4 21. Red1 Bc3 22. Rab1 h5 23. h4 Nd7 24. Rxd4 Bxd4 25. Nd3 Nc5 26. Nxc5 Bxc5 27. Rd1 Rxd1 28. Qxd1 Qd6 29.
Qxd6 Bxd6 30. Ne3 g6 31. g4 Kg7 32. gxh5 Bc5 33. Nc4 gxh5 34. Nxa5 1-0

[Event "*** Titled Tuesday Blitz"]
[Site "Chess.com"]
[Date "2021.04.27"]
[Round "4"]
[White "JoachimMouhamad"]
[Black "BJthechessgod"]
[Result "1-0"]
[WhiteElo "2456"]
[BlackElo "2280"]
[TimeControl "180+1"]
[EndTime "10:35:59 PDT"]
[Termination "JoachimMouhamad won by resignation"]

1. e4 c5 2. Nf3 e6 3. d4 cxd4 4. Nxd4 Nc6 5. Nc3 Qc7 6. Be3 a6 7. Qd2 Nf6 8. O-O-O Be7 9. f3 b5 10. Nxc6 dxc6 11. g4 e5 12. h4 Be6 13. Qf2 Rd8 14. Bh3 O-O 15. g5 Nh5 16. Bxe6 fxe6 17. Qg2 c5 18. Qg4 Rxd1+ 19. Rxd1 Nf4 20. Bxf4 Rxf4 21. Qxe6+ Kf8 22. Nd5 1-0

[Event "*** Titled Tuesday Blitz"]
[Site "Chess.com"]
[Date "2021.04.27"]
[Round "4"]
[White "nicoderboss24"]
[Black "Mihnea2017"]
[Result "0-1"]
[WhiteElo "2263"]
[BlackElo "2455"]
[TimeControl "180+1"]
[EndTime "10:36:15 PDT"]
[Termination "Mihnea2017 won by resignation"]

1. e4 c6 2. Nc3 d5 3. Qf3 e5 4. exd5 Nf6 5. Bc4 Be7 6. Nge2 O-O 7. O-O Bg4 8. Qg3 b5 9. Bb3 b4 10. f3 Bc8 11. Ne4 cxd5 12. Nxf6+ Bxf6 13. d3 Nc6 14. f4 e4 15. dxe4 dxe4 16. f5 Ba6 17. Re1 Bh4 18. Qg4 Bxe1 19. Bh6 Qf6 20. Bg5 Bxe2 21. Qxe2 Qxg5 22.
Rxe1 Qxf5 23. Qxe4 Qxe4 24. Rxe4 Rfe8 0-1

[Event "*** Titled Tuesday Blitz"]
[Site "Chess.com"]
[Date "2021.04.27"]
[Round "4"]
[White "GameOverBro"]
[Black "Vanina1989"]
[Result "0-1"]
[WhiteElo "2511"]
[BlackElo "2810"]
[TimeControl "180+1"]
[EndTime "10:36:23 PDT"]
[Termination "Vanina1989 won by resignation"]

1. e4 c6 2. Nc3 d5 3. Nf3 dxe4 4. Nxe4 Nf6 5. Qe2 Nxe4 6. Qxe4 Nd7 7. Bc4 Nf6 8. Ne5 e6 9. Qe2 b5 10. Bb3 Qc7 11. d4 Bd6 12. O-O O-O 13. Re1 Bb7 14. Bg5 Nd5 15. Bh4 c5 16. dxc5 Qxc5 17. Bg3 Rad8 18. Rad1 a5 19. a4 bxa4 20. Bxa4 Qb4 21. Bb3 Nf4 22. Bxf4 Qxf4 23. g3 Qxe5 0-1

[Event "*** Titled Tuesday Blitz"]
[Site "Chess.com"]
[Date "2021.04.27"]
[Round "4"]
[White "chessmadara"]
[Black "GoValya"]
[Result "1/2-1/2"]
[WhiteElo "2144"]
[BlackElo "2276"]
[TimeControl "180+1"]
[EndTime "10:36:23 PDT"]
[Termination "Game drawn by agreement"]

1. c4 g6 2. g3 Bg7 3. Bg2 c5 4. Nf3 Nc6 5. O-O Nf6 6. d4 cxd4 7. Nxd4 O-O 8. Nc3 a6 9. Be3 Ng4 10. Nxc6 Nxe3 11. Nxd8 Nxd1 12. Rfxd1 Rxd8 13. Nd5 e6 14. Nb6 Rb8 15. Nxc8 Rdxc8 16. Rxd7 Bxb2 17. Rb1 Bf6 18. Rbxb7 Rxb7 19. Bxb7 Rxc4 20. Bxa6 Ra4 21. Bd3 Rxa2 22. h4 h5 23. Kg2 1/2-1/2

[Event "*** Titled Tuesday Blitz"]
[Site "Chess.com"]
[Date "2021.04.27"]
[Round "4"]
[White "chessflav"]
[Black "gonzaga23"]
[Result "0-1"]
[WhiteElo "2282"]
[BlackElo "2490"]
[TimeControl "180+1"]
[EndTime "10:36:25 PDT"]
[Termination "gonzaga23 won by resignation"]

1. e4 c6 2. Nc3 d5 3. Nf3 dxe4 4.
Nxe4 Nf6 5. Nxf6+ exf6 6. d4 Bd6 7. h3 O-O 8. Bd3 Re8+ 9. Be3 Bf4 10. Qe2 f5 11.
O-O-O Qa5 12. Kb1 Be6 13. c4 Bxe3 14. fxe3 b5 15. g4 f4 16. exf4 bxc4 17. Bc2 c3 18. a3 Ba2+ 19. Kxa2 Rxe2 20. Rhe1 Qd5+ 21. Bb3 Qxf3 0-1

[Event "*** Titled Tuesday Blitz"]
[Site "Chess.com"]
[Date "2021.04.27"]
[Round "4"]
[White "fabianvivasz"]
[Black "gxbg2000"]
[Result "1-0"]
[WhiteElo "2375"]
[BlackElo "1961"]
[TimeControl "180+1"]
[EndTime "10:36:26 PDT"]
[Termination "fabianvivasz won by resignation"]

1. c4 Nf6 2. Nc3 g6 3. g3 Bg7 4. Bg2 c6 5. e4 O-O 6. d4 d6 7. Nf3 Nbd7 8. O-O e5 9. h3 h6 10. Re1 Qe7 11. b3 Re8 12. Ba3 b6 13. dxe5 Nxe5 14.
Bxd6 Nxf3+ 15. Bxf3 Qb7 16. e5 Nd7 17. Qd4 Nc5 18. Bxc5 bxc5 19. Qxc5 Bxh3 20. Qxc6 Qxc6 21. Bxc6 Rac8 22. Bxe8 Rxe8 23. f4 Bf5 24. Rad1 Bf8 25. Ne4 Bb4 26. Nf6+ Kf8 27. Nxe8 Bxe1 28. Rxe1 Kxe8 29.
Rd1 Ke7 30. c5 Be4 31. b4 Bc6 32. Rd6 Bb5 33. c6 h5 34. c7 Bd7 35. b5 Bf5 36. a4 Bc8 37. a5 Bg4 38. Rd8 1-0

[Event "*** Titled Tuesday Blitz"]
[Site "Chess.com"]
[Date "2021.04.27"]
[Round "4"]
[White "kakarot_001"]
[Black "riospm"]
[Result "1-0"]
[WhiteElo "2716"]
[BlackElo "2522"]
[TimeControl "180+1"]
[EndTime "10:36:39 PDT"]
[Termination "kakarot_001 won by resignation"]

1. e4 c5 2. Nf3 d6 3. Bb5+ Nd7 4. d4 cxd4 5. Qxd4 e5 6. Qd3 h6 7. O-O Nf6 8. c4 Be7 9. Nc3 O-O 10. Bxd7 Bxd7 11. b3 Qc7 12. Ba3 Qa5 13. Bb2 Be6 14. Rfd1 a6 15. a4 Rac8 16. Ba3 Rfd8 17. h3 Bf8 18.
Qe3 Qc7 19. Rac1 Qb8 20. Bb4 d5 21. exd5 Bxb4 22. dxe6 fxe6 23. Nxe5 Bc5 24. Rxd8+ 1-0

[Event "*** Titled Tuesday Blitz"]
[Site "Chess.com"]
[Date "2021.04.27"]
[Round "4"]
[White "playablecharacter"]
[Black "rynos0411"]
[Result "0-1"]
[WhiteElo "2295"]
[BlackElo "2490"]
[TimeControl "180+1"]
[EndTime "10:36:40 PDT"]
[Termination "rynos0411 won by resignation"]

1. d4 Nf6 2. c4 e6 3. Nc3 d5 4.
cxd5 Nxd5 5. Nf3 Nxc3 6. bxc3 c5 7. e3 Nc6 8. Bd3 Be7 9. O-O O-O 10. Qe2 b6 11. a4 Bb7 12. Ba3 Qc7 13. Rfb1 Na5 14.
Ne5 g6 15. h3 Nc6 16. Nxc6 Qxc6 17. f3 Rac8 18. a5 Qc7 19. Ra2 cxd4 20. Bxe7 Qxe7 21. cxd4 Bd5 22. Ra4 Rc3 23. axb6 axb6 24. Rxb6 Rc1+ 25. Kh2 Qc7+ 0-1

[Event "*** Titled Tuesday Blitz"]
[Site "Chess.com"]
[Date "2021.04.27"]
[Round "4"]
[White "gisela_roque"]
[Black "grandcoach"]
[Result "0-1"]
[WhiteElo "1878"]
[BlackElo "2243"]
[TimeControl "180+1"]
[EndTime "10:36:41 PDT"]
[Termination "grandcoach won by resignation"]

1. c4 Nf6 2. Nf3 e6 3. g3 d5 4. b3 Be7 5. Bg2 c5 6. O-O Nc6 7. d3 O-O 8. e3 b6 9. Bb2 Bb7 10. Nbd2 Qd7 11. Rc1 Rfd8 12. Qe2 dxc4 13. dxc4 Nb4 14. Rcd1 Qd3 15. Qxd3 Nxd3 16. Bc3 Rd7 17. Nb1 Rad8 18. Na3 Ne4 19. Ba1 Ndxf2 20. Rxd7 Rxd7 21. Rxf2 Nxf2 22. Kxf2 Rd1 23. Bc3 Bf6 24. Bxf6 gxf6 25. Nb5 a6 26. Nc3 Rc1 27. Ne4 Bxe4 0-1

[Event "*** Titled Tuesday Blitz"]
[Site "Chess.com"]
[Date "2021.04.27"]
[Round "4"]
[White "NicoChasin"]
[Black "Nafania1"]
[Result "0-1"]
[WhiteElo "2647"]
[BlackElo "2520"]
[TimeControl "180+1"]
[EndTime "10:36:42 PDT"]
[Termination "Nafania1 won by resignation"]

1. d4 Nf6 2. c4 e6 3. Nf3 Bb4+ 4. Nbd2 O-O 5. g3 d5 6. a3 Be7 7. Bg2 b6 8. O-O Bb7 9. b3 Nbd7 10. Bb2 c5 11. dxc5 Nxc5 12. Ne5 Rc8 13. b4 Nce4 14. Nxe4 Nxe4 15. cxd5 Bxd5 16. Rc1 Rxc1 17. Qxc1 Bf6 18.
Rd1 Qc8 19. Qxc8 Rxc8 20. f3 Nc3 21. Bxc3 Rxc3 22. Ng4 Rxa3 23. e4 Bc6 24. Rc1 Bd4+ 25. Kf1 Ra1 26. Rxa1 Bxa1 27. Ke2 Bc3 28. Kd3 Bxb4 0-1

[Event "*** Titled Tuesday Blitz"]
[Site "Chess.com"]
[Date "2021.04.27"]
[Round "4"]
[White "MarcoRiehle"]
[Black "Ajedrez_con_German"]
[Result "1-0"]
[WhiteElo "2710"]
[BlackElo "2528"]
[TimeControl "180+1"]
[EndTime "10:36:53 PDT"]
[Termination "MarcoRiehle won by resignation"]

1. e4 c5 2. a3 e6 3. b4 b6 4. Bb2 Nf6 5. e5 Nd5 6. c4 Nc7 7. Nf3 Be7 8. Bd3 cxb4 9. Qe2 Nc6 10. h4 Bb7 11. Be4 Na5 12. axb4 Bxb4 13. Nc3 d5 14. exd6 Qxd6 15. Rxa5 Bxc3 16. Bxc3 Bxe4 17.
Qxe4 bxa5 18. Be5 f5 19. Qxa8+ Nxa8 20. Bxd6 1-0

[Event "*** Titled Tuesday Blitz"]
[Site "Chess.com"]
[Date "2021.04.27"]
[Round "4"]
[White "dennisodessa"]
[Black "anon569"]
[Result "1-0"]
[WhiteElo "2429"]
[BlackElo "2220"]
[TimeControl "180+1"]
[EndTime "10:36:58 PDT"]
[Termination "dennisodessa won by resignation"]

1. d4 Nf6 2. c4 e6 3. Nc3 Bb4 4. Qc2 O-O 5. a3 Bxc3+ 6. Qxc3 b6 7. f3 Bb7 8. e4 d6 9. Bg5 c5 10. dxc5 dxc5 11. e5 Ne4 12. Bxd8 Nxc3 13. Be7 Re8 14. Bd6 Na4 15. b3 Nb2 16. Rb1 Nxc4 17.
bxc4 Nc6 18. Bd3 Rad8 19. Rd1 f6 20. f4 Nd4 21. Rd2 fxe5 22. fxe5 Rd7 23. Nh3 Rf7 24. Rf1 Rxf1+ 25. Kxf1 1-0

[Event "*** Titled Tuesday Blitz"]
[Site "Chess.com"]
[Date "2021.04.27"]
[Round "4"]
[White "Anton_Demchenko"]
[Black "TimurGareyev"]
[Result "1-0"]
[WhiteElo "2927"]
[BlackElo "2722"]
[TimeControl "180+1"]
[EndTime "10:37:08 PDT"]
[Termination "Anton_Demchenko won by resignation"]

1. e4 e5 2. Nf3 Nc6 3. Bc4 Nf6 4. d3 h6 5. a4 d6 6. Nc3 g6 7. h3 Bg7 8. Be3 a5 9. Qd2 Nb4 10. d4 Qe7 11. O-O-O Bd7 12. Rhe1 c6 13. dxe5 dxe5 14. Qd6 Qxd6 15. Rxd6 O-O 16. Nxe5 Nxe4 17. Nxe4 1-0

[Event "*** Titled Tuesday Blitz"]
[Site "Chess.com"]
[Date "2021.04.27"]
[Round "4"]
[White "LileKoridze"]
[Black "CraiggoryC"]
[Result "1/2-1/2"]
[WhiteElo "2409"]
[BlackElo "2217"]
[TimeControl "180+1"]
[EndTime "10:37:08 PDT"]
[Termination "Game drawn by repetition"]

1. d4 Nf6 2. c4 c6 3. Nc3 d5 4. Nf3 e6 5. e3 Nbd7 6. Bd3 dxc4 7. Bxc4 b5 8. Bd3 Bd6 9. O-O O-O 10. e4 e5 11. d5 cxd5 12. Nxb5 Bb8 13. Bg5 h6 14.
Bh4 g5 15. Nxg5 hxg5 16. Bxg5 Nc5 17. Qf3 dxe4 18. Qg3 Qxd3 19. f3 Nh5 20. Qh4 Qxb5 21. Qxh5 Qb6 22. fxe4 Nxe4+ 23. Kh1 Nf2+ 24. Rxf2 Qxf2 25.
Qh6 Qf5 26. Bf6 Qh7 27. Qg5+ Qg6 28. Qh4 Qh7 29. Qg5+ Qg6 30. Qh4 Qh7 31. Qg5+ 1/2-1/2

[Event "*** Titled Tuesday Blitz"]
[Site "Chess.com"]
[Date "2021.04.27"]
[Round "4"]
[White "ErikBlomqvist"]
[Black "AEMEffi"]
[Result "1-0"]
[WhiteElo "2579"]
[BlackElo "2327"]
[TimeControl "180+1"]
[EndTime "10:37:10 PDT"]
[Termination "ErikBlomqvist won by resignation"]

1. e4 e5 2. Nf3 Nc6 3. Bb5 a6 4. Ba4 Nf6 5. O-O Be7 6. Re1 b5 7. Bb3 d6 8. a4 Rb8 9. axb5 axb5 10. c3 O-O 11. d4 Bg4 12. d5 b4 13. dxc6 bxc3 14. Nxc3 Bxf3 15. gxf3 Nh5 16. Kh1 Bh4 17.
Be3 Kh8 18. Rg1 h6 19. Ra7 g5 20. Rb7 Ra8 21. Nd5 f5 22. exf5 Rc8 23. Qd3 Qe8 24.
Rxc7 Rxc7 25. Nxc7 Qxc6 26. Nd5 Nf6 27. Rc1 Qb7 28.
Rc7 Qa8 29. Kg2 Nh5 30. f6 1-0